details: 'wtf'

« prev index next »

General information

Mini Map

Players

team 1
OrcGODIEPLZ (blue | 127 APM | 1190 actions | 09:23)
Hero icon 2 Blademaster
Ability icon 1 Wind Walk
Ability icon 1 Critical Strike
Hero icon 1 Shadow Hunter
Ability icon 1 Hex

» actions
Assign group hotkey12
Basic commands7
Build / train33
ESC pressed4
Enter build submenu12
Enter hero's abilities submenu3
Right click562
Select / deselect327
Select group hotkey193
Use ability37
1190 total
» units
Peon11
Grunt5
Demolisher2
Troll Headhunter/Berserker2
Raider1
21 total
» upgrades
Pillage1
Ensnare1
2 total
» buildings
Altar of Storms1
Orc Burrow3
Barracks1
Voodoo Lounge5
Stronghold2
War Mill1
Beastiary1
14 total
» build order
00:04 Altar of Storms
00:07 Orc Burrow
00:24 Barracks
01:49 Orc Burrow
02:03 Voodoo Lounge
02:57 Voodoo Lounge
02:59 Voodoo Lounge
03:50 Voodoo Lounge
03:54 Stronghold
03:54 Stronghold
05:39 War Mill
05:41 Voodoo Lounge
05:52 Orc Burrow
06:56 Beastiary
» items
Healing Salve1
Lesser Clarity Potion1
Potion of Healing1
3 total
team 2
Random» OrcMaNiaCoNoWaR (pink | 66 APM | 619 actions | 09:23)
Hero icon 1 Blademaster
Ability icon 1 Wind Walk

» actions
Assign group hotkey5
Basic commands1
Build / train31
Enter build submenu15
Enter hero's abilities submenu1
Give item / drop item1
Right click303
Select / deselect103
Select group hotkey97
Use ability62
619 total
» units
Peon12
Wind Rider4
16 total
» upgrades
Ranged Weapons1
Armor1
2 total
» buildings
Altar of Storms1
Orc Burrow4
War Mill1
Voodoo Lounge1
Watch Tower5
Stronghold3
Beastiary2
17 total
» build order
00:08 Altar of Storms
00:19 Orc Burrow
00:51 War Mill
01:05 Voodoo Lounge
02:08 Watch Tower
02:51 Stronghold
02:52 Stronghold
03:24 Watch Tower
03:25 Watch Tower
05:49 Beastiary
05:50 Beastiary
05:59 Orc Burrow
06:52 Watch Tower
06:55 Watch Tower
07:20 Orc Burrow
08:30 Orc Burrow
» items
Healing Salve2
Lesser Clarity Potion4
Scroll of Speed1
7 total